Map: [ESL] Royal Blood

Players

Wayne

  • Race: Zerg Zerg
  • Spawn Location: 7:00

Harstem - Winner!

  • Race: Protoss Protoss
  • Spawn Location: 1:00

Event: ESL SC2 Masters 2023 Summer (Regionals)

VOD

Have the link to the VOD?

Description

Time

  • Played on: May 12, 2023, 12:57 p.m.
  • Length: 16:02

All games in this series

Show
View Real Time Build Order
Export as new Build Order

Wayne Zerg 

Build Orders: Hatch First 

Get SALT Encoding   

  12  0:00  Drone  
  13  0:12  Overlord  
  13  0:16  Drone  
  14  0:31  Drone x2  
  16  0:48  Hatchery  
  15  0:51  Drone  
  15  0:54  Drone  
  17  0:57  Drone  
  18  1:08  Extractor  
  17  1:13  Spawning Pool  
  17  1:16  Drone  
  17  1:20  Drone  
  18  1:28  Drone  
  19  1:41  Drone  
  20  1:51  Overlord  
  20  2:00  Queen x2, Zergling x2  
  20  2:01  Zergling x2  
  26  2:12  Drone x2  
  26  2:13  Metabolic Boost  
  28  2:21  Drone  
  28  2:22  Drone  
  30  2:35  Hatchery  
  29  2:39  Zergling x2  
  29  2:42  Drone  
  31  2:46  Queen  
  32  2:54  Overlord  
  32  2:57  Zergling x2  
  33  2:59  Zergling x4  
  35  3:06  Zergling x2  
  35  3:12  Queen  
  36  3:14  Drone x3  
  36  3:17  Drone  
  42  3:22  Overlord  
  42  3:27  Drone x2  
  44  3:34  Overlord  
  44  3:44  Overlord  
  44  3:47  Drone x5  
  49  3:52  Queen  
  49  3:55  Drone  
  52  4:00  Overlord  
  52  4:01  Drone x3  
  52  4:02  Drone  
  54  4:08  Queen  
  52  4:14  Drone x2  
  54  4:19  Drone  
  54  4:20  Drone, Evolution Chamber  
  54  4:23  Spore Crawler  
  54  4:27  Spore Crawler  
  54  4:28  Drone  
  54  4:29  Drone  
  54  4:31  Drone  
  56  4:33  Drone  
  56  4:35  Drone x2  
  56  4:36  Drone  
  56  4:37  Drone  
  61  4:46  Drone x3  
  61  4:50  Overlord  
  61  4:52  Drone  
  63  4:56  Drone  
  63  4:58  Drone x4  
  68  5:00  Spore Crawler  
  67  5:09  Hatchery  
  67  5:11  Zergling x6  
  67  5:12  Baneling Nest  
  68  5:18  Drone x2  
  66  5:23  Zergling x12  
  66  5:24  Zergling x2  
  72  5:30  Overlord  
  72  5:38  Zergling x8  
  72  5:41  Zergling x6  
  79  5:44  Drone  
  80  5:50  Zergling x6  
  80  5:51  Zergling x4  
  80  5:56  Hatchery  
  84  5:57  Zergling x8  
  84  6:00  Baneling x6  
  84  6:02  Zergling x2  
  89  6:06  Overlord  
  89  6:10  Zergling x2  
  88  6:13  Zergling x4  
  89  6:19  Baneling x2  
  89  6:20  Overlord  
  89  6:21  Hatchery  
  89  6:24  Overlord, Roach Warren  
  87  6:25  Drone  
  87  6:26  Drone x7  
  87  6:31  Drone  
  93  6:37  Overlord  
  93  6:39  Drone x5  
  92  6:44  Drone x6  
  95  6:48  Extractor  
  95  6:50  Extractor, Drone x3  
  88  6:56  Zergling x8  
  88  6:59  Extractor  
  88  7:01  Zergling x6  
  91  7:02  Lair  
  91  7:11  Roach x5  
  91  7:13  Drone  
  102  7:16  Zergling x10  
  102  7:21  Drone, Spore Crawler  
  107  7:25  Roach  
  107  7:26  Roach x3  
  115  7:30  Overlord  
  115  7:32  Zergling x8  
  115  7:36  Zergling x10  
  124  7:41  Zergling x4  
  126  7:48  Extractor, Drone x2, Overlord  
  127  7:51  Drone x2  
  127  7:52  Drone  
  127  7:53  Zergling x10  
  127  7:56  Zergling x4  
  137  8:00  Centrifugal Hooks, Glial Reconstitution  
  137  8:06  Roach x2  
  137  8:07  Overlord  
  139  8:15  Drone x8  
  139  8:18  Evolution Chamber  
  139  8:19  Extractor  
  143  8:20  Zerg Melee Weapons Level 1  
  143  8:21  Roach x3  
  143  8:25  Overlord x5  
  149  8:32  Zergling x18  
  153  8:37  Zergling x10  
  150  8:42  Zergling x6  
  150  8:45  Zergling x12  
  145  8:49  Zergling x4  
  130  8:55  Zergling x2  
  130  8:56  Zergling x4  
  130  8:58  Roach  
  130  8:59  Roach x2  
  129  9:04  Infestation Pit  
  129  9:05  Roach x5  
  138  9:11  Roach x4  
  146  9:18  Zerg Ground Armor Level 1  
  146  9:21  Baneling x18  
  146  9:23  Zergling x12  
  152  9:26  Zergling x6  
  152  9:30  Zergling x10  
  160  9:36  Zergling x12  
  166  9:41  Zergling x6  
  166  9:43  Hive  
  163  9:51  Drone x5  
  158  9:58  Roach x6  
  155  10:01  Zergling x10  
  155  10:04  Roach, Zergling x4  
  157  10:13  Roach x7  
  138  10:16  Roach x2  
  138  10:17  Roach  
  138  10:19  Zergling x4  
  146  10:22  Zergling x2  
  146  10:23  Zergling x2  
  146  10:25  Zergling x12  
  147  10:28  Roach  
  147  10:29  Roach  
  147  10:31  Roach x2  
  152  10:35  Roach  
  152  10:36  Roach x3  
  152  10:38  Zergling x2  
  152  10:39  Zergling x6  
  159  10:43  Zergling x10  
  159  10:46  Roach  
  159  10:47  Ravager x3  
  159  10:48  Ravager x2  
  170  10:50  Zergling x6  
  170  10:54  Drone x2  
  174  10:58  Drone x2  
  174  10:59  Spore Crawler  
  174  11:00  Drone  
  174  11:01  Drone x3  
  175  11:06  Baneling x5  
  175  11:08  Adrenal Glands  
  175  11:16  Zerg Melee Weapons Level 2  
  175  11:18  Hatchery, Zerg Ground Armor Level 2  
  173  11:19  Zergling x10  
  177  11:31  Zergling x18  
  182  11:39  Extractor  
  180  11:41  Zergling x4  
  180  11:43  Overlord x2  
  180  11:45  Baneling x8  
  181  11:58  Overlord  
  181  11:59  Ultralisk Cavern  
  177  12:03  Zergling x22  
  177  12:07  Hatchery  
  187  12:11  Zergling x16  
  187  12:15  Ultralisk Cavern  
  185  12:18  Drone x3  
  171  12:23  Drone x3  
  171  12:24  Drone x12  
  171  12:26  Baneling x2  
  176  12:32  Zergling x14  
  176  12:45  Roach x5  
  186  12:52  Baneling  
  186  12:53  Baneling x7  
  186  12:57  Roach  
  186  12:58  Roach x4  
  179  12:59  Ravager x3  
  179  13:05  Chitinous Plating  
  182  13:10  Ultralisk  
  188  13:14  Drone x3  
  188  13:15  Drone x3  
  193  13:21  Drone x2  
  195  13:29  Overlord  
  195  13:33  Overlord  
  193  13:35  Zergling x12  
  193  13:41  Baneling x20  
  195  13:45  Ultralisk  
  194  13:50  Zergling x10  
  195  14:05  Spire  
  181  14:11  Zergling x26  
  186  14:18  Zergling x10  
  186  14:25  Zergling x4  
  186  14:29  Overlord  
  186  14:30  Overlord x4  
  179  14:32  Overlord  
  179  14:36  Overlord x2  
  168  14:54  Ultralisk x3  
  182  15:11  Zergling x22  
  182  15:13  Hatchery  
  185  15:15  Ultralisk  
  185  15:26  Zergling x8  
  180  15:28  Zergling x10  
Show
View Real Time Build Order
Export as new Build Order

Harstem Protoss - Winner!

Build Orders: 1 Gate Expand, Oracle Opening 

Get SALT Encoding   

  12  0:00  Probe  
  13  0:12  Probe  
  14  0:17  Pylon  
  14  0:24  Probe  
  15  0:38  Probe (Chrono Boost)  
  15  0:39  Gateway  
  16  0:48  Probe (Chrono Boost), Assimilator  
  17  0:52  Probe (Chrono Boost)  
  18  1:04  Probe  
  19  1:18  Probe  
  20  1:27  Nexus  
  20  1:36  Cybernetics Core  
  20  1:38  Probe  
  21  1:45  Assimilator  
  21  1:50  Probe  
  22  1:54  Pylon  
  22  2:03  Probe  
  23  2:09  Adept (Chrono Boost)  
  23  2:13  Warp Gate  
  23  2:15  Probe  
  26  2:27  Probe  
  27  2:30  Adept (Chrono Boost)  
  27  2:35  Stargate  
  29  2:39  Probe x2  
  33  2:51  Probe x2  
  33  2:52  Stalker  
  35  3:03  Probe x2, Gateway  
  37  3:08  Pylon  
  37  3:15  Probe x2  
  37  3:16  Oracle (Chrono Boost)  
  42  3:27  Probe x2  
  44  3:39  Probe x2  
  44  3:40  Pylon  
  46  3:43  Oracle (Chrono Boost)  
  49  3:51  Probe x2  
  50  4:04  Probe x2  
  48  4:10  Adept x2  
  48  4:14  Oracle (Chrono Boost)  
  48  4:16  Probe x2  
  55  4:22  Nexus  
  55  4:24  Pylon  
  55  4:28  Probe x2  
  57  4:32  Assimilator  
  57  4:34  Assimilator  
  57  4:36  Adept x2  
  61  4:40  Probe  
  61  4:41  Pylon  
  61  4:42  Probe  
  63  4:46  Forge  
  63  4:52  Probe  
  64  4:54  Probe, Twilight Council  
  65  5:02  Stalker x2  
  65  5:04  Probe  
  65  5:06  Probe  
  71  5:16  Probe  
  71  5:18  Probe  
  73  5:28  Probe (Chrono Boost), Stalker x2  
  77  5:30  Shield Battery  
  77  5:32  Protoss Ground Weapons Level 1  
  77  5:33  Probe (Chrono Boost)  
  77  5:35  Probe (Chrono Boost), Blink  
  80  5:41  Probe (Chrono Boost)  
  82  5:44  Probe (Chrono Boost)  
  82  5:45  Probe (Chrono Boost)  
  82  5:47  Probe (Chrono Boost), Pylon  
  82  5:49  Probe x2 (Chrono Boost), Gateway  
  84  5:51  Gateway  
  84  5:55  Probe  
  87  6:00  Probe  
  87  6:01  Probe  
  87  6:04  Stalker x2  
  93  6:07  Probe  
  93  6:10  Assimilator  
  94  6:12  Probe  
  94  6:13  Pylon  
  94  6:14  Assimilator  
  94  6:18  Probe, Pylon  
  94  6:19  Probe  
  94  6:24  Probe  
  96  6:30  Probe  
  96  6:31  Stalker  
  96  6:32  Probe, Stalker  
  100  6:33  Shield Battery  
  100  6:38  Probe  
  101  6:41  Gateway  
  101  6:42  Templar Archives  
  101  6:45  Probe (Chrono Boost)  
  102  6:49  Stalker x2  
  102  6:51  Probe (Chrono Boost)  
  99  6:56  Probe (Chrono Boost)  
  101  7:05  Probe (Chrono Boost)  
  101  7:06  Psionic Storm  
  101  7:07  Stalker x2  
  104  7:16  Pylon, Gateway x2  
  104  7:17  Pylon  
  104  7:19  Robotics Facility  
  104  7:30  Stalker x2  
  104  7:33  Charge  
  108  7:41  High Templar x2  
  108  7:42  High Templar  
  114  7:45  Shield Battery  
  114  7:49  Pylon, Protoss Ground Weapons Level 2 (Chrono Boost)  
  114  7:53  Nexus  
  114  7:54  Zealot x2  
  117  7:59  Photon Cannon  
  117  8:04  Gateway  
  117  8:05  Probe  
  117  8:07  Gateway  
  117  8:10  Photon Cannon  
  117  8:15  Stalker x2  
  117  8:17  Probe, Photon Cannon  
  117  8:19  Pylon x2  
  118  8:20  Pylon  
  118  8:22  Pylon  
  118  8:23  Probe  
  116  8:35  Stalker x4  
  116  8:36  Nexus  
  116  8:37  Probe  
  116  8:38  Pylon  
  119  8:42  Stalker x2  
  116  8:52  Probe  
  111  8:56  Nexus  
  111  9:00  High Templar x4  
  111  9:01  Zealot  
  121  9:05  Archon x2, Photon Cannon  
  121  9:09  Probe  
  122  9:13  Phoenix (Chrono Boost)  
  124  9:17  Photon Cannon  
  124  9:20  Probe  
  125  9:27  High Templar x2  
  129  9:33  Zealot x2  
  129  9:35  Pylon, Protoss Air Weapons Level 1  
  129  9:37  Assimilator  
  133  9:39  Assimilator  
  133  9:46  Stalker x4  
  133  9:51  Stalker  
  137  9:56  Stalker x2  
  137  10:01  Stalker x2  
  133  10:10  Archon  
  133  10:11  Archon  
  133  10:12  Stalker x4  
  139  10:18  Probe  
  140  10:21  High Templar  
  140  10:22  Probe  
  143  10:29  High Templar  
  143  10:30  Zealot x3  
  149  10:38  Probe  
  149  10:39  Probe  
  149  10:40  Probe x2  
  153  10:44  Gateway  
  153  10:45  Gateway  
  153  10:48  Warp Prism (Chrono Boost)  
  153  10:49  Zealot x3  
  153  10:50  Probe  
  153  11:05  High Templar x2, Zealot  
  153  11:06  Zealot x3  
  153  11:08  Photon Cannon  
  153  11:09  Shield Battery  
  153  11:11  Pylon  
  161  11:18  Stalker x3  
  167  11:30  Stalker x4  
  167  11:40  Zealot x4  
  167  11:43  Protoss Ground Weapons Level 3 (Chrono Boost)  
  167  11:46  Probe  
  176  11:48  Fleet Beacon  
  176  11:51  Stargate  
  176  11:58  High Templar x2, Stalker x3  
  176  11:59  High Templar  
  176  12:00  High Templar  
  190  12:07  Archon x2  
  190  12:08  Zealot x3  
  196  12:22  Probe, Pylon  
  193  12:24  Observer (Chrono Boost)  
  193  12:28  Zealot x3  
  190  12:31  Nexus, High Templar x2  
  188  12:37  Zealot x2  
  188  12:41  Archon  
  188  12:43  Carrier (Chrono Boost)  
  188  12:56  Carrier (Chrono Boost)  
  188  12:57  Immortal (Chrono Boost)  
  176  13:04  Robotics Facility  
  186  13:08  High Templar x2  
  186  13:09  Probe  
  186  13:11  Photon Cannon  
  186  13:12  Pylon  
  191  13:15  Zealot x4  
  191  13:17  Photon Cannon  
  199  13:30  Archon  
  199  13:39  Probe  
  198  13:51  Carrier (Chrono Boost)  
  198  13:55  Stargate  
  196  13:57  High Templar x2  
  196  14:00  Assimilator  
  200  14:09  Stalker x5  
  195  14:14  Zealot x3  
  190  14:19  Immortal (Chrono Boost)  
  188  14:28  Immortal (Chrono Boost)  
  175  14:39  Zealot x7  
  175  14:41  Carrier (Chrono Boost)  
  193  14:49  Probe  
  188  14:53  Pylon  
  188  14:55  Probe, Immortal (Chrono Boost)  
  193  15:01  High Templar x2  
  193  15:06  Probe  
  195  15:08  Zealot, Archon  
  188  15:14  Immortal  
  186  15:35  Archon  
  172  15:37  Zealot x6  
  172  15:41  Probe  
Tags
 
Add a new tag
Caveats
  • Supply blocks, unpowered buildings, or Contaminate may cause inaccurate times.
  • Supply counts are checked every 10 seconds.